BSA
SPRINGFIELD STARS @ ST. LOUIS BROWNS
03/18/2026
 
TOP OF THE 1ST
Springfield Stars batting - Pitching for St. Louis Browns : LHP Luis Noriega
Pitching: LHP Luis Noriega
Batting: RHB Norberto Taváres 0-0: Ball
1-0: Foul Ball, location: 2F
1-1: Ball
2-1: Foul Ball, location: 2F
2-2: Foul Ball, location: 2F
2-2: Foul Ball, location: 2F
2-2: Foul Ball, location: 2F
2-2: Foul Ball, location: 2F
2-2: Ball
3-2: Foul Ball, location: 2F
3-2: Base on Balls
Batting: RHB Juan Rodríguez 0-0: Called Strike
0-1: Ball
1-1: Foul Ball, location: 2F
1-2: Foul Ball, location: 2F
1-2: Ball
2-2: Fly out, F4 (Popup, 4MD)
Batting: LHB Felipe Guerrero 0-0: Ball
Norberto Taváres steals 2nd base
1-0: Foul Ball, location: 2F
1-1: Called Strike
1-2: Foul Ball, location: 2F
1-2: Strikes out swinging
Batting: LHB Derek Davidson 0-0: Ball
1-0: Ball
2-0: Called Strike
2-1: Foul Ball, location: 2F
2-2: Ball
3-2: Base on Balls
Batting: LHB Elliott Newell 0-0: DOUBLE (Flyball, 8LD)
Norberto Taváres scores
Derek Davidson to third
Batting: RHB Juan Carlos Rodríguez 0-0: Called Strike
0-1: Foul Ball, location: 2F
0-2: Ball
1-2: Ball
2-2: Ball
3-2: Base on Balls
Batting: RHB Alberto Campos 0-0: Ball
1-0: Ball
2-0: Ball
3-0: Called Strike
3-1: Base on Balls
Derek Davidson scores
Elliott Newell to third
Juan Carlos Rodríguez to second
Batting: SHB Shane Hutchinson 0-0: Ball
1-0: Called Strike
1-1: Called Strike
1-2: Foul Ball, location: 2F
1-2: Ball
2-2: Strikes out swinging
Top of the 1st over - 2 run(s), 1 hit(s), 0 error(s), 3 left on base; Springfield 2 - St. Louis 0
BOTTOM OF THE 1ST
St. Louis Browns batting - Pitching for Springfield Stars : RHP Kyu-pyeong Pak
Pitching: RHP Kyu-pyeong Pak
Batting: LHB Joe Sanders 0-0: Foul Ball, location: 2F
0-1: Foul Ball, location: 2F
0-2: Ball
1-2: Ball
2-2: Ball
3-2: DOUBLE (Line Drive, 9LS)
Batting: LHB Mike Hill 0-0: Ball
1-0: Called Strike
1-1: Called Strike
1-2: 2-RUN HOME RUN (Line Drive, 9LD), Distance : 353 ft
Batting: LHB Víctor Hernández 0-0: Called Strike
0-1: Ball
1-1: Ball
2-1: Ball
3-1: Foul Ball, location: 2F
3-2: Base on Balls
Batting: LHB Clinton Clark 0-0: Ball
1-0: Called Strike
1-1: Foul Ball, location: 2F
1-2: Ball
2-2: Foul Ball, location: 2F
2-2: Ball
3-2: Foul Ball, location: 2F
3-2: Foul Ball, location: 2F
3-2: Strikes out swinging
Víctor Hernández steals 2nd base
Batter strikes out.
Batting: LHB Jorge Torres 0-0: Ball
1-0: Foul Ball, location: 2F
1-1: Ground out 3-1 (Groundball, 34)
Víctor Hernández to third
Batting: SHB Ryobe Yamamoto 0-0: Ball
1-0: Called Strike
1-1: Swinging Strike
1-2: Ball
2-2: Ground out 4-3 (Groundball, 4)
Bottom of the 1st over - 2 run(s), 2 hit(s), 0 error(s), 1 left on base; Springfield 2 - St. Louis 2
TOP OF THE 2ND
Springfield Stars batting - Pitching for St. Louis Browns : LHP Luis Noriega
Batting: LHB Jesús Tobías 0-0: Ball
1-0: Called Strike
1-1: Swinging Strike
1-2: Ball
2-2: Strikes out swinging
Batting: RHB Norberto Taváres 0-0: Ball
1-0: Ground out 5-3 (Groundball, 56)
Batting: RHB Juan Rodríguez 0-0: Ground out 6-3 (Groundball, 6M)
Top of the 2nd over - 0 run(s), 0 hit(s), 0 error(s), 0 left on base; Springfield 2 - St. Louis 2
BOTTOM OF THE 2ND
St. Louis Browns batting - Pitching for Springfield Stars : RHP Kyu-pyeong Pak
Batting: LHB Tommy Evans 0-0: Ball
1-0: Ball
2-0: Called Strike
2-1: SINGLE (Groundball, 3S) (infield hit)
Batting: RHB Carlos Alfaro 0-0: Called Strike
0-1: Fly out, F4 (Popup, 34D)
Batting: LHB Héctor Rentería 0-0: Ball
Tommy Evans is caught stealing 2nd base
1-0: Called Strike
1-1: Ball
2-1: Foul Ball, location: 2F
2-2: Strikes out swinging
Bottom of the 2nd over - 0 run(s), 1 hit(s), 0 error(s), 0 left on base; Springfield 2 - St. Louis 2
TOP OF THE 3RD
Springfield Stars batting - Pitching for St. Louis Browns : LHP Luis Noriega
Batting: LHB Felipe Guerrero 0-0: Ball
1-0: Ball
2-0: Foul Ball, location: 2F
2-1: Ball
3-1: SINGLE (Groundball, 4MD) (infield hit)
Batting: LHB Derek Davidson 0-0: Ball
1-0: Swinging Strike
1-1: SINGLE (Groundball, 56D)
Felipe Guerrero to second
Batting: LHB Elliott Newell 0-0: Ball
1-0: Called Strike
1-1: Foul Ball, location: 2F
1-2: Strikes out swinging
Batting: RHB Juan Carlos Rodríguez 0-0: Ball
Felipe Guerrero steals 3rd base
Derek Davidson to second
1-0: Called Strike
1-1: Called Strike
1-2: Ball
2-2: Ground out 6-3 (Groundball, 6M)
Felipe Guerrero scores
Derek Davidson to third
Batting: RHB Alberto Campos 0-0: Fly out, F8 (Flyball, 8LM)
Top of the 3rd over - 1 run(s), 2 hit(s), 0 error(s), 1 left on base; Springfield 3 - St. Louis 2
BOTTOM OF THE 3RD
St. Louis Browns batting - Pitching for Springfield Stars : RHP Kyu-pyeong Pak
Batting: LHB Joe Sanders 0-0: Called Strike
0-1: Ground out 1-3 (Groundball, 23)
Batting: LHB Mike Hill 0-0: Called Strike
0-1: Ball
1-1: Ground out 4-3 (Groundball, 4)
Batting: LHB Víctor Hernández 0-0: Called Strike
0-1: Fly out, F7 (Flyball, 7LS)
Bottom of the 3rd over - 0 run(s), 0 hit(s), 0 error(s), 0 left on base; Springfield 3 - St. Louis 2
TOP OF THE 4TH
Springfield Stars batting - Pitching for St. Louis Browns : LHP Luis Noriega
Batting: SHB Shane Hutchinson 0-0: Ball
1-0: Ball
2-0: Ball
3-0: Called Strike
3-1: Base on Balls
Batting: LHB Jesús Tobías 0-0: Ball
1-0: Foul Ball, location: 2F
1-1: Called Strike
1-2: Strikes out looking
Batting: RHB Norberto Taváres 0-0: Called Strike
0-1: Ball
1-1: Swinging Strike
1-2: Foul Ball, location: 2F
1-2: Foul Ball, location: 2F
1-2: Foul Ball, location: 2F
1-2: Foul Ball, location: 2F
1-2: Ball
Shane Hutchinson steals 2nd base
2-2: Ball
3-2: Foul Ball, location: 2F
3-2: Foul Ball, location: 2F
3-2: Foul Ball, location: 2F
3-2: Foul Ball, location: 2F
3-2: Ground out 6-3 (Groundball, 6)
Shane Hutchinson to third
Pitching: LHP Santiago Valentín
Batting: RHB Juan Rodríguez 0-0: Ground out 5-3 (Groundball, 5L)
Top of the 4th over - 0 run(s), 0 hit(s), 0 error(s), 1 left on base; Springfield 3 - St. Louis 2
BOTTOM OF THE 4TH
St. Louis Browns batting - Pitching for Springfield Stars : RHP Kyu-pyeong Pak
Batting: LHB Clinton Clark 0-0: Foul Ball, location: 2F
0-1: Ball
1-1: Ball
2-1: Called Strike
2-2: Strikes out looking
Batting: LHB Jorge Torres 0-0: Ball
1-0: Foul Ball, location: 2F
1-1: Called Strike
1-2: Fly out, F9 (Flyball, 89M)
Batting: SHB Ryobe Yamamoto 0-0: Ball
1-0: SINGLE (Line Drive, 6MD)
Batting: LHB Tommy Evans 0-0: Fielders Choice at 2nd, 6-4 (Groundball, 6)
Bottom of the 4th over - 0 run(s), 1 hit(s), 0 error(s), 0 left on base; Springfield 3 - St. Louis 2
TOP OF THE 5TH
Springfield Stars batting - Pitching for St. Louis Browns : LHP Santiago Valentín
Batting: LHB Felipe Guerrero 0-0: Ball
1-0: Called Strike
1-1: Foul Ball, location: 2F
1-2: Foul Ball, location: 2F
1-2: Strikes out swinging
Batting: LHB Derek Davidson 0-0: Ball
1-0: SINGLE (Groundball, 15) (infield hit)
Batting: LHB Elliott Newell 0-0: Ball
1-0: Foul Ball, location: 2F
1-1: Foul Ball, location: 2F
1-2: Strikes out swinging
Batting: RHB Juan Carlos Rodríguez 0-0: Ball
1-0: DOUBLE (Line Drive, 7LM)
Derek Davidson to third
Batting: RHB Alberto Campos 0-0: Called Strike
0-1: Ball
1-1: Called Strike
1-2: Strikes out looking
Top of the 5th over - 0 run(s), 2 hit(s), 0 error(s), 2 left on base; Springfield 3 - St. Louis 2
BOTTOM OF THE 5TH
St. Louis Browns batting - Pitching for Springfield Stars : RHP Kyu-pyeong Pak
Pitching: LHP Jorge Aybar
Batting: RHB Carlos Alfaro 0-0: Ball
1-0: Swinging Strike
1-1: Ball
2-1: Called Strike
2-2: Ball
3-2: Foul Ball, location: 2F
3-2: Foul Ball, location: 2F
3-2: Strikes out looking
Batting: LHB Héctor Rentería 0-0: Ball
1-0: Foul Ball, location: 2F
1-1: Ball
2-1: Ball
3-1: Base on Balls
Batting: LHB Joe Sanders 0-0: Foul Ball, location: 2F
0-1: Called Strike
0-2: Strikes out swinging
Batting: LHB Mike Hill 0-0: Ball
1-0: Ball
2-0: Foul Ball, location: 2F
2-1: Ground out 4-3 (Groundball, 4)
Bottom of the 5th over - 0 run(s), 0 hit(s), 0 error(s), 1 left on base; Springfield 3 - St. Louis 2
TOP OF THE 6TH
Springfield Stars batting - Pitching for St. Louis Browns : LHP Santiago Valentín
Batting: SHB Shane Hutchinson 0-0: Called Strike
0-1: Ball
1-1: Foul Ball, location: 2F
1-2: Ball
2-2: Strikes out swinging
Batting: LHB Jesús Tobías 0-0: Ball
1-0: Called Strike
1-1: Ball
2-1: Called Strike
2-2: Foul Ball, location: 2F
2-2: Ball
3-2: Ground out 4-3 (Groundball, 4)
Pinch Hitting: RHB Cho-yun Qiao 0-0: Ball
1-0: Ball
2-0: Called Strike
2-1: Swinging Strike
2-2: Ball
3-2: Strikes out swinging
Top of the 6th over - 0 run(s), 0 hit(s), 0 error(s), 0 left on base; Springfield 3 - St. Louis 2
BOTTOM OF THE 6TH
St. Louis Browns batting - Pitching for Springfield Stars : LHP Jorge Aybar
Now in CF: Cho-yun Qiao
Batting: LHB Víctor Hernández 0-0: Ball
1-0: Called Strike
1-1: SINGLE (Groundball, 3D)
Batting: LHB Clinton Clark 0-0: Foul Ball, location: 2F
0-1: Called Strike
0-2: Ball
1-2: Strikes out swinging
Batting: LHB Jorge Torres 0-0: Ball
1-0: Swinging Strike
1-1: Called Strike
1-2: Strikes out swinging
Batting: SHB Ryobe Yamamoto 0-0: Ball
1-0: Ball
2-0: Ball
3-0: Base on Balls
Víctor Hernández to second
Batting: LHB Tommy Evans 0-0: Ball
1-0: Foul Ball, location: 2F
1-1: Swinging Strike
1-2: Strikes out swinging
Bottom of the 6th over - 0 run(s), 1 hit(s), 0 error(s), 2 left on base; Springfield 3 - St. Louis 2
TOP OF THE 7TH
Springfield Stars batting - Pitching for St. Louis Browns : LHP Santiago Valentín
Pitching: RHP Beau Brown
Batting: LHB Ryan Drake 0-0: Ball
1-0: Swinging Strike
1-1: Ball
2-1: Swinging Strike
2-2: Ball
3-2: Strikes out swinging
Pitching: LHP Miguel Martínez
Pinch Hitting: RHB Ed Watkins 0-0: Called Strike
0-1: Foul Ball, location: 2F
0-2: Ball
1-2: Foul Ball, location: 2F
1-2: Strikes out looking
Batting: LHB Derek Davidson 0-0: Ball
1-0: Called Strike
1-1: SINGLE (Line Drive, 8RS)
Pitching: RHP Enrique Gómez
Pinch Hitting: LHB Mike Callahan 0-0: Ball
Derek Davidson is caught stealing 2nd base
Top of the 7th over - 0 run(s), 1 hit(s), 0 error(s), 0 left on base; Springfield 3 - St. Louis 2
BOTTOM OF THE 7TH
St. Louis Browns batting - Pitching for Springfield Stars : LHP Jorge Aybar
Pitching: LHP Brock Morris
Now at 3B: Ed Watkins
Now in LF: Mike Callahan
Batting: RHB Carlos Alfaro 0-0: Ball
1-0: Ball
2-0: Called Strike
2-1: Swinging Strike
2-2: Ball
3-2: Base on Balls
Batting: LHB Héctor Rentería 0-0: Sac Bunt - play at first, batter OUT! 1-4
Carlos Alfaro to second
Batting: LHB Joe Sanders 0-0: Ball
1-0: Swinging Strike
1-1: Called Strike
1-2: Ground out 3-1 (Groundball, 34S)
Carlos Alfaro to third
Pinch Hitting: RHB Yoshihide Takahashi 0-0: Ball
1-0: Called Strike
1-1: Foul Ball, location: 2F
1-2: Ball
2-2: Strikes out swinging passed ball, reaches first!
Carlos Alfaro scores
Pinch Hitting: RHB Will Brown 0-0: Reached on error, E6 (Groundball, 6)
Yoshihide Takahashi to second
Pinch Hitting: RHB Mario Rosales 0-0: Called Strike
0-1: SINGLE (Groundball, 23) (infield hit)
Yoshihide Takahashi to third
Will Brown to second
Batting: LHB Jorge Torres 0-0: Foul Ball, location: 2F
0-1: Ground out 6-3 (Groundball, 6)
Bottom of the 7th over - 1 run(s), 1 hit(s), 1 error(s), 3 left on base; Springfield 3 - St. Louis 3
TOP OF THE 8TH
Springfield Stars batting - Pitching for St. Louis Browns : RHP Enrique Gómez
Now at 1B: Will Brown
Now in LF: Yoshihide Takahashi
Now in CF: Mario Rosales
Batting: LHB Mike Callahan 0-0: Ball
1-0: Ball
2-0: Ball
3-0: Called Strike
3-1: Ground out 4-3 (Groundball, 4)
Pitching: RHP Arturo Leal
Pinch Hitting: RHB José Pinto 0-0: Ball
1-0: Ball
2-0: Called Strike
2-1: Foul Ball, location: 2F
2-2: Foul Ball, location: 2F
2-2: Fly out, F7 (Line Drive, 78M)
Pitching: RHP José Ruíz
Batting: RHB Alberto Campos 0-0: Fly out, F9 (Flyball, 89M)
Top of the 8th over - 0 run(s), 0 hit(s), 0 error(s), 0 left on base; Springfield 3 - St. Louis 3
BOTTOM OF THE 8TH
St. Louis Browns batting - Pitching for Springfield Stars : LHP Brock Morris
Now at SS: José Pinto
Pinch Hitting: RHB R.J. Parker 0-0: Ball
1-0: Ground out 6-3 (Groundball, 6M)
Pinch Hitting: RHB George Howard 0-0: Ball
1-0: Ground out 4-3 (Groundball, 4MS)
Batting: RHB Carlos Alfaro 0-0: Ball
1-0: Fly out, F6 (Popup, 6D)
Bottom of the 8th over - 0 run(s), 0 hit(s), 0 error(s), 0 left on base; Springfield 3 - St. Louis 3
TOP OF THE 9TH
Springfield Stars batting - Pitching for St. Louis Browns : RHP José Ruíz
Pitching: RHP José Morán
Now at 2B: George Howard
Now at 3B: Junior Coates
Batting: SHB Shane Hutchinson 0-0: Foul Ball, location: 2F
0-1: Called Strike
0-2: Foul Ball, location: 2F
0-2: Ball
1-2: DOUBLE (Flyball, 8LM)
Pinch Hitting: RHB Will Sterling 0-0: Foul Ball, location: 2F
0-1: Ball
1-1: Foul Ball, location: 2F
1-2: Strikes out looking
Batting: RHB Cho-yun Qiao 0-0: Ball
1-0: Ground out 6-3 (Groundball, 6M)
Shane Hutchinson to third
Batting: LHB Ryan Drake 0-0: Ball
1-0: Called Strike
1-1: Ball
2-1: SINGLE (Groundball, 34D)
Shane Hutchinson scores
Pitching: RHP Ramón Silva
Batting: RHB Ed Watkins 0-0: Called Strike
0-1: Ball
1-1: Called Strike
1-2: Ball
2-2: Ball
3-2: Foul Ball, location: 2F
3-2: Foul Ball, location: 2F
3-2: Ground out 2-3 (Groundball, 25)
Top of the 9th over - 1 run(s), 2 hit(s), 0 error(s), 1 left on base; Springfield 4 - St. Louis 3
BOTTOM OF THE 9TH
St. Louis Browns batting - Pitching for Springfield Stars : LHP Brock Morris
Pitching: LHP Enrique Muñóz
Now at 1B: David García
Pinch Hitting: RHB António Venecia 0-0: Ball
1-0: Foul Ball, location: 2F
1-1: Ball
2-1: Fly out, F3 (Popup, 23)
Batting: LHB Joe Sanders 0-0: Ball
1-0: Called Strike
1-1: SINGLE (Line Drive, 9LS)
Batting: RHB Yoshihide Takahashi 0-0: Called Strike
0-1: 2-RUN HOME RUN (Flyball, 78XD), Distance : 433 ft
Monday, December 5th, 2016 - OOTP Baseball 17.12 Build 75